 Seeded DCSS version 0.31-a0-703-gcfe89afef6 (webtiles) character file.

Game seed: 5017591152642433436 (custom seed)

4093 bmack86 the Blocker (level 10, -1/77 HPs)
             Began as a Minotaur Fighter on Sept 8, 2023.
             Was an Elder of Okawaru.
             Slain by a troll (6 damage)
             ... on level 9 of the Dungeon.
             The game lasted 00:14:04 (7653 turns).

bmack86 the Blocker (Minotaur Fighter)              Turns: 7653, Time: 00:14:06

Health: -1/77      AC: 20    Str: 24    XL:     10   Next: 5%
Magic:  8/14       EV:  8    Int:  5    God:    Okawaru [****..]
Gold:   176        SH:  9    Dex: 11    Spells: 9/9 levels left

rFire   . . .        B - +1 war axe (flame)
rCold   . . .        c - +1 buckler
rNeg    . . .        h - +2 plate armour {rPois}
rPois   +            (helmet restricted)
rElec   .            l - +0 cloak
rCorr   .            (no gloves)
SInv    .            s - +2 pair of boots
Will    .....        (no amulet) Stlth
                     r - ring of flight
HPRegen 0.32/turn    (no ring)
MPRegen 0.14/turn

%: no passive effects
@: lethally poisoned (-1 -> -1), heroic, finesse-ful, marked, flying, studying
Shields
A: horns 2, retaliatory headbutt
a: Renounce Religion, Heroism, Finesse


You were on level 9 of the Dungeon.
You worshipped Okawaru.
Okawaru was greatly pleased with you.
You visited 1 branch of the dungeon, and saw 9 of its levels.

You collected 583 gold pieces.
You spent 407 gold pieces at shops.

Inventory:

Hand Weapons
 a - a +0 war axe of flaming
 B - a +1 war axe of flaming (weapon)
Missiles
 u - a throwing net
Armour
 c - a +1 buckler (worn)
 h - a +2 plate armour of poison resistance (worn)
 l - a +0 cloak (worn)
 s - a +2 pair of boots (worn)
Jewellery
 m - an amulet of magic regeneration
 r - a ring of flight (left hand)
Wands
 t - a wand of mindburst (13)
 z - a wand of flame (15) (quivered)
Scrolls
 f - a scroll of poison
 i - 2 scrolls of identify
 j - a scroll of fog
 n - 2 scrolls of amnesia
 A - a scroll of vulnerability
Potions
 d - a potion of might
 g - 3 potions of curing
 k - a potion of magic
 o - a potion of mutation
 v - 2 potions of enlightenment
 w - 2 potions of lignification


   Skills:
 - Level 3.6(8.6) Fighting
 * Level 12.0(17.0) Axes
 - Level 3.6(8.6) Armour
 + Level 13.9(18.9) Shields
 + Level 6.8 Invocations


You had 9 spell levels left.
You didn't know any spells.
Your spell library contained the following spells:

 Spells                   Type           Power      Damage    Failure   Level
 Cigotuvi's Dreadful Rot  Necr/Pois/Air  0%         N/A       100%        2
 Dazzling Flash           Conj/Hex       0%         N/A       100%        3
 Ignite Poison            Fire/Tmut/Pois 0%         N/A       100%        3
 Agony                    Necr           0%         N/A       100%        5
 Freezing Cloud           Conj/Ice/Air   0%         6-21      100%        5
 Silence                  Hex/Air        0%         N/A       100%        5


Dungeon Overview and Level Annotations

Branches:
Dungeon (9/15)             Temple (0/1) D:5
   Lair: D:8-11         Orc: D:9-12

Altars:
Ashenzari
Cheibriados
Elyvilon
Fedhas
Hepliaklqana
Kikubaaqudgha
Nemelex Xobeh
Okawaru
Qazlal
Uskayaw
Vehumet
Wu Jian
Xom
Yredelemnul
Zin
The Shining One

Shops:
D:3 [   D:7 [

Annotations:
D:7 3 runed translucent doors, SirDiesAlot's ghost, novice OpFE; Stellion's ghost, novice HuCj; javelincjr's ghost, novice DsFi; justen's ghost, novice DrSh
D:9 Harold


Innate Abilities, Weirdness & Mutations

You have a pair of horns on your head.
You reflexively headbutt those who attack you in melee.


Message History

You slash the hornet! You burn the hornet.
The hornet is almost dead.
You slash the hornet! You burn the hornet.
You kill the hornet!
Okawaru accepts your kill.
Your base Axes skill increases to level 12!
You feel sick. The troll bites you but does no damage.
You block the troll's attack. The troll claws you but does no damage.
Harold hits you with a +0 battleaxe.
* * * LOW HITPOINT WARNING * * *
You hit Harold. You burn Harold.
Harold is lightly wounded.
You slash the troll! You burn the troll.
You feel sick.
You hit Harold but do no damage. You headbutt Harold!
Harold is lightly wounded.
You closely miss the troll. You block the troll's attack.
The troll barely misses you. The troll claws you!
* * * LOW HITPOINT WARNING * * *
You block Harold's attack.
You hit Harold but do no damage.
Harold is lightly wounded.
You hit the troll but do no damage.
You feel sick.
You hit Harold. You burn Harold.
Harold is moderately wounded.
You slash the troll! You burn the troll. The troll bites you.
* * * LOW HITPOINT WARNING * * *
You block the troll's attack. x2
Harold gestures at you while chanting. A sentinel's mark forms upon you.
You hit Harold but do no damage. You headbutt Harold!
Harold is moderately wounded.
You slash the troll! You burn the troll.
Unknown command.
You slash Harold! You burn Harold.
Harold is heavily wounded.
You closely miss the troll.
You feel sick.
You hit Harold but do no damage.
Harold is heavily wounded.
You hit the troll. You burn the troll. The troll bites you.
You die...

... #.. ########.#
.......#.# +##
.##......# >.. .# #.#.#
#.# )# #.# #.# #
)#######.# #.# ##.####
.........####.###.......
.##.............@@8.....
.################To.....
.# ....... ## .......
.....>. ....... .8.....
.......


You could see Harold, a troll and an orc warrior.

Vanquished Creatures
  Pikel (D:6)
  A hornet (D:9)
  A steam dragon (D:7)
  2 water moccasins (D:5)
  2 ice beasts (D:5)
  3 sky beasts
  An ogre (D:5)
  2 centaurs (D:6)
  A kobold brigand (D:8)
  Blork the orc (D:4)
  6 bullfrogs
  4 necrophages (D:4)
  5 scorpions
  3 wights (D:9)
  12 killer bees
  2 howler monkeys
  A hound (D:6)
  2 orc priests (D:4)
  A jelly (D:6)
  A gnoll bouda (D:7)
  Natasha (thrice) (D:2)
  4 iguanas
  An orc wizard (D:8)
  3 scorpion zombies (D:4)
  4 adders
  A shadow imp (D:7)
  An adder zombie (D:4)
  13 orcs
  4 bats
  8 endoplasms
  3 giant cockroaches
  6 goblins
  4 hobgoblins
  7 jackals
  8 kobolds
  4 quokkas
  4 ball pythons
  3 frilled lizards
  3 rats (D:1)
136 creatures vanquished.

Vanquished Creatures (others)
  A water moccasin (D:7)
1 creature vanquished.

Grand Total: 137 creatures vanquished

Notes
Turn   | Place    | Note
-------+----------+-------------------------------------------
     0 | D:1      | bmack86 the Minotaur Fighter began the quest for the Orb.
     0 | D:1      | Reached XP level 1. HP: 19/19 MP: 0/0
    54 | D:1      | Identified a scroll of acquirement
    54 | D:1      | Acquired a manual of Shields
    64 | D:1      | Reached skill level 4 in Shields
   213 | D:1      | Reached XP level 2. HP: 26/26 MP: 1/1
   842 | D:2      | Identified the +1 helmet "Weubel" {rC+ Will- Int+4 Slay-3}
   892 | D:2      | Reached skill level 5 in Shields
   976 | D:3      | Found an iron altar of Okawaru.
   981 | D:3      | Became a worshipper of Warmaster Okawaru
  1087 | D:2      | Found a faded altar of an unknown god.
  1105 | D:2      | Reached XP level 3. HP: 24/31 MP: 2/2
  1203 | D:2      | Noticed Natasha
  1207 | D:2      | Killed Natasha
  1451 | D:2      | Noticed Natasha
  1455 | D:2      | Killed Natasha
  1456 | D:2      | Reached skill level 6 in Shields
  1456 | D:2      | Reached skill level 1 in Invocations
  1456 | D:2      | Reached XP level 4. HP: 39/39 MP: 3/3
  1859 | D:2      | Noticed Natasha
  1868 | D:2      | Killed Natasha
  1892 | D:3      | Found an ancient bone altar of Kikubaaqudgha.
  1973 | D:3      | Noticed an animated plate armour
  1975 | D:3      | Found Erhownepn's Armour Emporium.
  1981 | D:3      | Noticed an animated crystal plate armour
  2086 | D:3      | Found a basalt altar of Yredelemnul.
  2260 | D:3      | Found a broken altar of Ashenzari.
  2384 | D:4      | Reached XP level 5. HP: 44/45 MP: 5/5
  2398 | D:4      | Found an ornate altar of the Wu Jian Council.
  2413 | D:4      | Reached skill level 7 in Shields
  2452 | D:4      | Reached * piety under Okawaru
  2467 | D:4      | Reached skill level 5 in Axes
  2600 | D:4      | Reached XP level 6. HP: 15/50 MP: 6/6
  2604 | D:4      | Reached skill level 8 in Shields
  2753 | D:4      | Found a hide-covered altar of Uskayaw.
  2753 | D:4      | Noticed a +0 hand axe
  2753 | D:4      | Noticed a +0 dagger
  2865 | D:4      | Noticed Blork the orc
  2872 | D:4      | Killed Blork the orc
  3241 | D:4      | Found a glowing golden altar of the Shining One.
  3361 | D:4      | Found a blossoming altar of Fedhas.
  3637 | D:4      | Reached skill level 9 in Shields
  3645 | D:4      | Reached XP level 7. HP: 49/57 MP: 4/8
  3679 | D:4      | Reached skill level 10 in Shields
  3745 | D:5      | Entered Level 5 of the Dungeon
  3779 | D:5      | Reached ** piety under Okawaru
  4094 | D:5      | Found a staircase to the Ecumenical Temple.
  4117 | D:5      | Reached XP level 8. HP: 39/64 MP: 9/9
  4190 | D:5      | Reached skill level 11 in Shields
  4434 | D:5      | Found a white marble altar of Elyvilon.
  4945 | D:6      | Reached *** piety under Okawaru
  5107 | D:6      | Reached skill level 5 in Invocations
  5286 | D:6      | Noticed Pikel
  5302 | D:6      | Killed Pikel
  5303 | D:6      | Reached skill level 10 in Axes
  5303 | D:6      | Reached skill level 12 in Shields
  5303 | D:6      | Reached XP level 9. HP: 23/70 MP: 10/12
  5734 | D:6      | Found a radiant altar of Vehumet.
  5811 | D:7      | Reached **** piety under Okawaru
  5960 | D:7      | Found a stormy altar of Qazlal.
  5965 | D:7      | Received a gift from Okawaru
  6173 | D:6      | Reached skill level 13 in Shields
  6356 | D:7      | Found a runed translucent gate.
  6356 | D:7      | Found a runed translucent gate.
  6357 | D:7      | Found Pyati's Armour Shop.
  6361 | D:7      | Found a runed translucent gate.
  6361 | D:7      | Noticed javelincjr's ghost (novice DsFi)
  6366 | D:7      | Bought a +2 plate armour of poison resistance for 407 gold
                  | pieces
  6382 | D:7      | Noticed Stellion's ghost (novice HuCj)
  6384 | D:7      | Noticed SirDiesAlot's ghost (novice OpFE)
  6385 | D:7      | Noticed justen's ghost (novice DrSh)
  6430 | D:7      | Found a hazy altar of Hepliaklqana.
  6534 | D:7      | Found a sacrificial altar of Ru.
  6537 | D:7      | Found a snail-covered altar of Cheibriados.
  6537 | D:7      | Found a glowing silver altar of Zin.
  6539 | D:7      | Found a stormy altar of Qazlal.
  6539 | D:7      | Found a shimmering altar of Xom.
  6539 | D:7      | Found a sparkling altar of Nemelex Xobeh.
  7536 | D:9      | Reached XP level 10. HP: 52/77 MP: 14/14
  7636 | D:9      | Noticed Harold
  7653 | D:9      | Slain by a troll

Illustrated notes

Levels and vault maps discovered:
D:1:      eino_arrival_water_star, layout_loops_ring
D:2:      layout_basic, shapermc_ecumenical_altar_mp_urbaneastern, uniq_natasha
D:3:      layout_basic, nicolae_overflow_crystal_walls, marbit_many_paths,
          mainiacjoe_overflow_24_doors, mainiacjoe_overflow_paths, serial_shops,
          nicolae_shop_mannequins
D:4:      layout_layer_cave, dancing_weapons_uskayaw,
          mainiacjoe_overflow_small_starburst, overflow_temple_1_default,
          fedhas_altar_decomposition, uniq_blork_the_orc
D:5:      layout_basic, amcnicky_altar_gilded, minmay_temple_entry_junction
D:6:      layout_cave_pods, nicolae_overflow_hidden_temple,
          kennysheep_generic_room_2, uniq_pikel
D:7:      layout_rooms, doesnt_xom_only_xom, lemuel_coloured_pillars_altar,
          mainiacjoe_overflow_catwalk, serial_shops, shop,
          gammafunk_ghost_cemetery, kennysheep_generic_room_8
D:8:      layout_gridville, minivault_11, kennysheep_boxes
D:9:      layout_basic, nicolae_ru_the_path_less_chosen,
          mainiacjoe_overflow_six_doors_small, david_lair_generic,
          serial_bayou_lagoon_a, st_stairs_1, uniq_jeremiah, uniq_harold,
          uniq_joseph

Skill      XL: |  1  2  3  4  5  6  7  8  9 10 |
---------------+-------------------------------+-----
Shields        | 4 5 6 7 9 10 12 13 | 13.9
Axes           | 3 4 5 6 7 10 11 12 | 12.0
Invocations    | 1 2 3 5 6 |  6.8
Fighting       | |  3.6
Armour         | |  3.6

Action                     |  1- 3 |  4- 6 |  7- 9 | 10-12 || total
---------------------------+-------+-------+-------+-------++-------
  Melee: War axe           |    46 |   116 |   238 |    13 ||   413
         Headbutt          |     4 |    22 |    39 |     3 ||    68
 Invoke: Heroism           |       |     1 |     2 |     1 ||     4
         Finesse           |       |       |       |     1 ||     1
  Evoke: Wand              |       |       |     7 |       ||     7
    Use: Scroll            |     1 |     3 |    13 |       ||    17
         Potion            |       |       |     1 |       ||     1
 Armour: Scale mail        |    13 |       |       |       ||    13
         Chain mail        |    36 |    82 |   175 |       ||   293
         Plate armour      |       |       |    79 |    15 ||    94
  Dodge: Dodged            |    30 |    46 |   108 |     4 ||   188
  Block: Buckler           |     8 |    25 |    99 |     6 ||   138

Table legend: (Time is in decaauts)
 A = Elapsed time spent in this place.
 B = Non-inter-level travel time spent in this place.
 C = Inter-level travel time spent in this place.
 D = Time resting spent in this place.
 E = Time spent auto-exploring this place.
 F = Levels seen in this place.
 G = Mean time per level.
                   A        B        C        D        E       F      G
               +--------+--------+--------+--------+--------+-----+--------+
         Total |   7702 |   7439 |    263 |    713 |   5264 |   9 |  855.8 |
       Dungeon |   7702 |   7439 |    263 |    713 |   5264 |   9 |  855.8 |
               +--------+--------+--------+--------+--------+-----+--------+

Top non-repeatable levels by time:
     D:4: 1394 daAuts
     D:6: 1175 daAuts
     D:5: 1046 daAuts
     D:2: 964 daAuts
     D:1: 850 daAuts
     D:8: 816 daAuts
     D:7: 716 daAuts
     D:3: 589 daAuts
     D:9: 149 daAuts
